AoeStats
← FxFlashmob

Nomad

509213237Analyzed
3v3 RM · 6d ago on Sep 25, 2026· 59m 4s· 6 players
Game mode
Random Map
Map size
210×210
Population
200
Speed
Normal
Resources
Standard
Victory
Conquest
Starting age
Dark Age
Ending age
Imperial Age
RankedLock teamsTeams togetherTeam positionsShared explorationLock speedFull tech treeHidden civsTurbo modeCheats
Victory
Defeat
🇩🇪 Chinese · Germany
1219
+12
🇩🇪 Persians · Germany
1185
+13
🇩🇪 Japanese · Germany
1093
+17
🇪🇸 Goths · Spain
1230
-18
1111
-14
🇪🇸 Malay · Spain
1021
-10
[JGPTK] Sagital31
5:23 Loom
16:52 Feudal Age
17:51 Double-Bit Axe
20:36 Castle Age
19:31 Fishing Lines
21:15 Gold Mining
22:58 Pikeman
28:12 Town Watch
28:47 Bow Saw
28:20 Horse Collar
33:07 Wheelbarrow
35:33 Hand Cart
35:34 Scale Mail Armor
35:45 Forging
40:32 Imperial Age
38:58 Chain Mail Armor
39:20 Iron Casting
39:47 Squires
41:07 Heavy Plow
40:38 Halberdier
42:20 Blast Furnace
42:38 Two-Man Saw
44:04 Perfusion
44:28 Conscription
47:01 Anarchy
47:21 Fletching
48:09 Man-at-Arms
48:41 Long Swordsman
49:18 Bodkin Arrow
49:46 Ballistics
50:27 Chemistry
51:02 Crop Rotation
50:03 Two-Handed Swordsman
50:45 Bracer
50:50 Champion
51:33 Padded Archer Armor
53:16 Masonry
[JGPTK] AntonioStekelenburg
5:29 Loom
14:10 Feudal Age
19:52 Castle Age
18:59 Double-Bit Axe
24:04 Fletching
26:02 Horse Collar
29:05 Wheelbarrow
30:10 Bloodlines
31:44 Husbandry
33:06 Ballistics
33:01 Padded Archer Armor
32:57 Bodkin Arrow
39:18 Imperial Age
37:18 Light Cavalry
39:02 Leather Archer Armor
41:34 Conscription
42:23 Chemistry
43:21 Elite Camel Archer
46:00 Hussar
47:21 Scale Mail Armor
47:23 Bracer
47:33 Forging
52:02 Heavy Camel Rider
[JGPTK] Doubleshot
6:46 Loom
15:53 Feudal Age
17:04 Double-Bit Axe
18:58 Wheelbarrow
20:18 Gold Mining
20:52 Town Watch
23:04 Stone Mining
25:39 Castle Age
23:02 Man-at-Arms
31:56 Demolition Ship
32:48 Fletching
32:55 Pikeman
33:54 Medium Warships
33:29 Fishing Lines
34:45 Ballistics
40:35 Murder Holes
46:34 Imperial Age
48:12 Halberdier
50:22 Forging
50:03 Long Swordsman
51:21 Two-Handed Swordsman
53:14 Elite Karambit Warrior
54:12 Bodkin Arrow
tzui11
5:42 Loom
13:45 Feudal Age
14:14 Double-Bit Axe
19:07 Castle Age
19:06 Scale Barding Armor
21:46 Chain Barding Armor
23:48 Wheelbarrow
23:36 Bloodlines
27:08 Horse Collar
29:44 Husbandry
31:38 Crossbowman
32:14 Fletching
32:35 Forging
33:18 Gold Mining
36:37 Imperial Age
34:39 Bodkin Arrow
34:46 Padded Archer Armor
36:44 Leather Archer Armor
37:28 Conscription
37:58 Hand Cart
37:04 Cavalier
38:24 Plate Barding Armor
38:29 Light Cavalry
39:03 Savar
40:16 Bow Saw
42:24 Iron Casting
43:43 Citadels
43:52 Murder Holes
44:18 Ballistics
44:59 Chemistry
45:00 Kamandaran
47:22 Thumb Ring
54:31 Hussar
Bundesamt
6:37 Loom
15:05 Feudal Age
15:16 Feudal Age
18:45 Double-Bit Axe
20:34 Horse Collar
24:59 Castle Age
25:24 Forging
25:14 Scale Mail Armor
27:55 Bow Saw
31:21 Scale Mail Armor
31:13 Fletching
31:24 Padded Archer Armor
32:32 Chain Mail Armor
34:01 Wheelbarrow
33:48 Stone Mining
33:50 Gold Mining
34:08 Heavy Plow
34:34 Elite Skirmisher
35:20 Thumb Ring
35:56 Fishing Lines
39:07 Scale Barding Armor
42:07 Iron Casting
45:13 Imperial Age
43:27 Padded Archer Armor
43:26 Man-at-Arms
44:42 Squires
44:28 Arson
44:40 Long Swordsman
45:06 Gambesons
46:38 Two-Handed Swordsman
49:00 Plate Mail Armor
49:31 Blast Furnace
48:39 Champion
54:45 Gold Shaft Mining
56:03 Crossbowman
FxFlashmob
3:26 Loom
13:40 Feudal Age
14:16 Double-Bit Axe
16:25 Horse Collar
18:13 Wheelbarrow
21:44 Castle Age
20:20 Gold Mining
20:50 Bloodlines
20:38 Stone Mining
24:01 Bow Saw
24:21 Husbandry
25:18 Gold Shaft Mining
24:39 Town Watch
27:47 Scale Barding Armor
29:08 Heavy Plow
29:46 Fletching
31:27 Bodkin Arrow
32:29 Padded Archer Armor
34:39 Ballistics
34:35 Arson
34:51 Squires
34:17 Man-at-Arms
39:28 Imperial Age
40:20 Elite Skirmisher
43:31 Bracer
43:48 Leather Archer Armor
44:50 Hand Cart
47:18 Ring Archer Armor
47:00 Forging
46:51 Scale Mail Armor
46:16 Elite Fire Lancer
49:11 Chain Barding Armor
49:29 Iron Casting
52:16 Thumb Ring
52:15 Capped Ram
53:21 Siege Ram
56:24 Chain Mail Armor
57:10 Blast Furnace
Connection lost

Rejoining the realm…

Still unreachable

The connection could not be restored.

Session expired

The server has moved on; the page needs a fresh start.